[gd_scene load_steps=27 format=2]

[ext_resource path="res://assets/font/StrenuousBL52.tres" type="DynamicFont" id=1]
[ext_resource path="res://assets/font/StrenuousBL28.tres" type="DynamicFont" id=2]
[ext_resource path="res://assets/font/StrenuousBL15.tres" type="DynamicFont" id=3]
[ext_resource path="res://assets/img/GUI/Shop_Cristal_Icon_01.png" type="Texture" id=4]
[ext_resource path="res://assets/img/GUI/Table_01.png" type="Texture" id=5]
[ext_resource path="res://assets/img/GUI/HUD_To_Collect_Icon.png" type="Texture" id=6]
[ext_resource path="res://assets/img/GUI/HUD_Swarm_Tower_Icon.png" type="Texture" id=7]
[ext_resource path="res://assets/img/GUI/HUD_Bomber_Tower_Icon.png" type="Texture" id=8]
[ext_resource path="res://assets/img/GUI/HUD_Buy_Miner_Icon.png" type="Texture" id=9]
[ext_resource path="res://assets/img/GUI/HUD_Healer_Tower_Icon.png" type="Texture" id=10]
[ext_resource path="res://assets/img/GUI/HUD_Thunder_Tower_Icon.png" type="Texture" id=11]
[ext_resource path="res://level/Battlefield/GUI/GUI.gd" type="Script" id=12]
[ext_resource path="res://assets/font/StrenuousBL16.tres" type="DynamicFont" id=13]
[ext_resource path="res://assets/img/GUI/Cloud_02.png" type="Texture" id=14]
[ext_resource path="res://assets/img/GUI/HUD_Buy_Collector_Icon.png" type="Texture" id=15]
[ext_resource path="res://assets/img/GUI/IconPowerUp.png" type="Texture" id=16]
[ext_resource path="res://addons/GodotTIE/text_interface_engine.gd" type="Script" id=17]
[ext_resource path="res://assets/img/GUI/Cloud_03.png" type="Texture" id=18]
[ext_resource path="res://assets/img/GUI/IconHeal.png" type="Texture" id=19]
[ext_resource path="res://assets/img/GUI/IconShieldUp.png" type="Texture" id=20]
[ext_resource path="res://assets/img/GUI/IconBigMeteor.png" type="Texture" id=21]
[ext_resource path="res://assets/img/GUI/button_big.png" type="Texture" id=22]
[ext_resource path="res://assets/shader/PortraitHologram.tres" type="Material" id=23]
[ext_resource path="res://assets/img/GUI/IconSmallMeteor.png" type="Texture" id=24]
[ext_resource path="res://assets/img/GUI/Upgrade_BTN.png" type="Texture" id=25]

[sub_resource type="Animation" id=1]
resource_name = "ShowNewPhase"
length = 2.0
tracks/0/type = "value"
tracks/0/path = NodePath(".:visible")
tracks/0/interp = 1
tracks/0/loop_wrap = true
tracks/0/imported = false
tracks/0/enabled = true
tracks/0/keys = {
"times": PoolRealArray( 0, 0.5, 0.7, 1.2, 1.4, 2 ),
"transitions": PoolRealArray( 1, 1, 1, 1, 1, 1 ),
"update": 1,
"values": [ true, false, true, false, true, false ]
}

[node name="GUI" type="CanvasLayer"]
layer = 2
script = ExtResource( 12 )

[node name="BackgroundBar" type="NinePatchRect" parent="."]
modulate = Color( 1, 1, 1, 0.784314 )
margin_left = 256.0
margin_top = 968.0
margin_right = 1664.0
margin_bottom = 1077.0
texture = ExtResource( 5 )
patch_margin_left = 27
patch_margin_top = 24
patch_margin_right = 28
patch_margin_bottom = 35
__meta__ = {
"_edit_use_anchors_": false
}

[node name="BackgroundBar2" type="NinePatchRect" parent="."]
modulate = Color( 1, 1, 1, 0.784314 )
margin_left = 3.0
margin_top = 968.0
margin_right = 256.0
margin_bottom = 1077.0
texture = ExtResource( 5 )
patch_margin_left = 27
patch_margin_top = 24
patch_margin_right = 28
patch_margin_bottom = 35
__meta__ = {
"_edit_use_anchors_": false
}

[node name="Gold" type="Sprite" parent="."]
modulate = Color( 0.121569, 1, 0.176471, 1 )
position = Vector2( 32.5085, 1000 )
scale = Vector2( 0.606667, 0.5 )
texture = ExtResource( 4 )

[node name="Label" type="Label" parent="Gold"]
margin_left = 63.8736
margin_top = -33.0
margin_right = 103.874
margin_bottom = -19.0
custom_fonts/font = ExtResource( 1 )
text = "500"
valign = 1
__meta__ = {
"_edit_use_anchors_": false
}

[node name="Tooltip" type="Label" parent="Gold"]
margin_left = -37.0
margin_top = -48.0
margin_right = 175.0
margin_bottom = 47.0
mouse_filter = 0
custom_fonts/font = ExtResource( 1 )
valign = 1
__meta__ = {
"_edit_use_anchors_": false
}

[node name="SuperGold" type="Sprite" parent="."]
modulate = Color( 1, 0, 0, 1 )
position = Vector2( 188.12, 1000 )
scale = Vector2( 0.606667, 0.5 )
texture = ExtResource( 4 )

[node name="Label" type="Label" parent="SuperGold"]
anchor_left = 0.5
anchor_top = 0.5
anchor_right = 0.5
anchor_bottom = 0.5
margin_left = 18.5
margin_top = -80.0
margin_right = 64.5
margin_bottom = 49.0
custom_fonts/font = ExtResource( 1 )
text = "0
"
__meta__ = {
"_edit_use_anchors_": false
}

[node name="Tooltip" type="Label" parent="SuperGold"]
anchor_left = 0.5
anchor_top = 0.5
anchor_right = 0.5
anchor_bottom = 0.5
margin_left = -79.5
margin_top = -94.0
margin_right = 69.5
mouse_filter = 0
text = "
"
__meta__ = {
"_edit_use_anchors_": false
}

[node name="OnGround" type="Label" parent="."]
margin_left = 16.0
margin_top = 1040.0
margin_right = 112.0
margin_bottom = 1060.0
custom_fonts/font = ExtResource( 13 )
text = "KEY_ON_GROUND"
valign = 1
__meta__ = {
"_edit_use_anchors_": false
}

[node name="Label" type="Label" parent="OnGround"]
margin_left = 106.667
margin_right = 146.667
margin_bottom = 14.0
custom_fonts/font = ExtResource( 13 )
text = "0"
valign = 1

[node name="Control" type="Control" parent="."]
margin_left = 696.0
margin_top = 976.0
margin_right = 1224.0
margin_bottom = 1072.0
__meta__ = {
"_edit_use_anchors_": false
}

[node name="MinerButton" type="Button" parent="Control"]
margin_left = -424.0
margin_right = -344.0
margin_bottom = 80.0
rect_min_size = Vector2( 80, 80 )
mouse_default_cursor_shape = 2
flat = true
__meta__ = {
"_edit_use_anchors_": false
}

[node name="Sprite" type="Sprite" parent="Control/MinerButton"]
position = Vector2( 40, 40 )
scale = Vector2( 0.3, 0.3 )
texture = ExtResource( 9 )

[node name="Label" type="Label" parent="Control/MinerButton"]
margin_left = -1.125
margin_top = 78.0
margin_right = 70.875
margin_bottom = 97.0
custom_fonts/font = ExtResource( 3 )
text = "50"
align = 1
valign = 1
__meta__ = {
"_edit_use_anchors_": false
}

[node name="SpriteGold" type="Sprite" parent="Control/MinerButton"]
modulate = Color( 0, 1, 0.0156863, 1 )
position = Vector2( 61.0225, 85.5425 )
scale = Vector2( 0.18, 0.143617 )
texture = ExtResource( 4 )

[node name="CollectorButton" type="Button" parent="Control"]
margin_left = -328.0
margin_right = -248.0
margin_bottom = 80.0
rect_min_size = Vector2( 80, 80 )
mouse_default_cursor_shape = 2
flat = true
__meta__ = {
"_edit_use_anchors_": false
}

[node name="Sprite" type="Sprite" parent="Control/CollectorButton"]
position = Vector2( 40, 40 )
scale = Vector2( 0.3, 0.3 )
texture = ExtResource( 6 )

[node name="Label" type="Label" parent="Control/CollectorButton"]
margin_left = 3.6698
margin_top = 78.0
margin_right = 75.6698
margin_bottom = 97.0
custom_fonts/font = ExtResource( 3 )
text = "1/1"
align = 1
valign = 1
__meta__ = {
"_edit_use_anchors_": false
}

[node name="SpriteGold" type="Sprite" parent="Control/CollectorButton"]
visible = false
modulate = Color( 0, 1, 0.0156863, 1 )
position = Vector2( 61.0225, 85.5425 )
scale = Vector2( 0.18, 0.143617 )
texture = ExtResource( 4 )

[node name="BuyCollectorButton" type="Button" parent="Control"]
margin_left = -232.0
margin_right = -152.0
margin_bottom = 80.0
rect_min_size = Vector2( 80, 80 )
mouse_default_cursor_shape = 2
flat = true
__meta__ = {
"_edit_use_anchors_": false
}

[node name="Sprite" type="Sprite" parent="Control/BuyCollectorButton"]
position = Vector2( 40, 40 )
scale = Vector2( 0.3, 0.3 )
texture = ExtResource( 15 )

[node name="Label" type="Label" parent="Control/BuyCollectorButton"]
margin_left = 3.6698
margin_top = 78.0
margin_right = 75.6698
margin_bottom = 97.0
custom_fonts/font = ExtResource( 3 )
text = "1/1"
align = 1
valign = 1
__meta__ = {
"_edit_use_anchors_": false
}

[node name="SpriteGold" type="Sprite" parent="Control/BuyCollectorButton"]
modulate = Color( 0, 1, 0.0156863, 1 )
position = Vector2( 61.0225, 85.5425 )
scale = Vector2( 0.18, 0.143617 )
texture = ExtResource( 4 )

[node name="RegenButton" type="Button" parent="Control"]
margin_left = 528.0
margin_right = 608.0
margin_bottom = 80.0
rect_min_size = Vector2( 80, 80 )
mouse_default_cursor_shape = 2
flat = true
__meta__ = {
"_edit_use_anchors_": false
}

[node name="Sprite" type="Sprite" parent="Control/RegenButton"]
position = Vector2( 40, 40 )
scale = Vector2( 0.3, 0.3 )
texture = ExtResource( 19 )

[node name="Label" type="Label" parent="Control/RegenButton"]
margin_left = 3.6698
margin_top = 78.0
margin_right = 75.6698
margin_bottom = 97.0
custom_fonts/font = ExtResource( 3 )
text = "1/1"
align = 1
valign = 1
__meta__ = {
"_edit_use_anchors_": false
}

[node name="SpriteGold" type="Sprite" parent="Control/RegenButton"]
visible = false
modulate = Color( 0, 1, 0.0156863, 1 )
position = Vector2( 61.0225, 85.5425 )
scale = Vector2( 0.18, 0.143617 )
texture = ExtResource( 4 )

[node name="MeteorButton" type="Button" parent="Control"]
margin_left = 615.847
margin_right = 695.847
margin_bottom = 80.0
rect_min_size = Vector2( 80, 80 )
mouse_default_cursor_shape = 2
flat = true
__meta__ = {
"_edit_use_anchors_": false
}

[node name="Sprite" type="Sprite" parent="Control/MeteorButton"]
position = Vector2( 40, 40 )
scale = Vector2( 0.3, 0.3 )
texture = ExtResource( 24 )

[node name="Label" type="Label" parent="Control/MeteorButton"]
margin_left = 3.6698
margin_top = 78.0
margin_right = 75.6698
margin_bottom = 97.0
custom_fonts/font = ExtResource( 3 )
text = "1/1"
align = 1
valign = 1
__meta__ = {
"_edit_use_anchors_": false
}

[node name="SpriteGold" type="Sprite" parent="Control/MeteorButton"]
visible = false
modulate = Color( 0, 1, 0.0156863, 1 )
position = Vector2( 61.0225, 85.5425 )
scale = Vector2( 0.18, 0.143617 )
texture = ExtResource( 4 )

[node name="LargeMeteorButton" type="Button" parent="Control"]
margin_left = 703.123
margin_right = 783.123
margin_bottom = 80.0
rect_min_size = Vector2( 80, 80 )
mouse_default_cursor_shape = 2
flat = true
__meta__ = {
"_edit_use_anchors_": false
}

[node name="Sprite" type="Sprite" parent="Control/LargeMeteorButton"]
position = Vector2( 40, 40 )
scale = Vector2( 0.3, 0.3 )
texture = ExtResource( 21 )

[node name="Label" type="Label" parent="Control/LargeMeteorButton"]
margin_left = 3.6698
margin_top = 78.0
margin_right = 75.6698
margin_bottom = 97.0
custom_fonts/font = ExtResource( 3 )
text = "1/1"
align = 1
valign = 1
__meta__ = {
"_edit_use_anchors_": false
}

[node name="SpriteGold" type="Sprite" parent="Control/LargeMeteorButton"]
visible = false
modulate = Color( 0, 1, 0.0156863, 1 )
position = Vector2( 61.0225, 85.5425 )
scale = Vector2( 0.18, 0.143617 )
texture = ExtResource( 4 )

[node name="IncDamageButton" type="Button" parent="Control"]
margin_left = 789.123
margin_right = 869.123
margin_bottom = 80.0
rect_min_size = Vector2( 80, 80 )
mouse_default_cursor_shape = 2
flat = true
__meta__ = {
"_edit_use_anchors_": false
}

[node name="Sprite" type="Sprite" parent="Control/IncDamageButton"]
position = Vector2( 40, 40 )
scale = Vector2( 0.3, 0.3 )
texture = ExtResource( 16 )

[node name="Label" type="Label" parent="Control/IncDamageButton"]
margin_left = 3.6698
margin_top = 78.0
margin_right = 75.6698
margin_bottom = 97.0
custom_fonts/font = ExtResource( 3 )
text = "1/1"
align = 1
valign = 1
__meta__ = {
"_edit_use_anchors_": false
}

[node name="SpriteGold" type="Sprite" parent="Control/IncDamageButton"]
visible = false
modulate = Color( 0, 1, 0.0156863, 1 )
position = Vector2( 61.0225, 85.5425 )
scale = Vector2( 0.18, 0.143617 )
texture = ExtResource( 4 )

[node name="IncDefenseButton" type="Button" parent="Control"]
margin_left = 876.024
margin_right = 956.024
margin_bottom = 80.0
rect_min_size = Vector2( 80, 80 )
mouse_default_cursor_shape = 2
flat = true
__meta__ = {
"_edit_use_anchors_": false
}

[node name="Sprite" type="Sprite" parent="Control/IncDefenseButton"]
position = Vector2( 40, 40 )
scale = Vector2( 0.3, 0.3 )
texture = ExtResource( 20 )

[node name="Label" type="Label" parent="Control/IncDefenseButton"]
margin_left = 3.6698
margin_top = 78.0
margin_right = 75.6698
margin_bottom = 97.0
custom_fonts/font = ExtResource( 3 )
text = "1/1"
align = 1
valign = 1
__meta__ = {
"_edit_use_anchors_": false
}

[node name="SpriteGold" type="Sprite" parent="Control/IncDefenseButton"]
visible = false
modulate = Color( 0, 1, 0.0156863, 1 )
position = Vector2( 61.0225, 85.5425 )
scale = Vector2( 0.18, 0.143617 )
texture = ExtResource( 4 )

[node name="ScrollContainer" type="ScrollContainer" parent="Control"]
anchor_right = 1.0
anchor_bottom = 1.0
margin_left = -56.0
margin_right = -56.0
follow_focus = true
scroll_vertical_enabled = false
__meta__ = {
"_edit_use_anchors_": false
}

[node name="GridContainer" type="GridContainer" parent="Control/ScrollContainer"]
margin_right = 500.0
margin_bottom = 80.0
columns = 100

[node name="TestButton" type="Button" parent="Control/ScrollContainer/GridContainer"]
margin_right = 80.0
margin_bottom = 80.0
rect_min_size = Vector2( 80, 80 )
mouse_default_cursor_shape = 2
flat = true
expand_icon = true
__meta__ = {
"_edit_use_anchors_": false
}

[node name="Sprite" type="Sprite" parent="Control/ScrollContainer/GridContainer/TestButton"]
position = Vector2( 42, 39.3962 )
scale = Vector2( 0.3, 0.3 )
texture = ExtResource( 7 )

[node name="Label" type="Label" parent="Control/ScrollContainer/GridContainer/TestButton"]
margin_left = -1.625
margin_top = 78.0001
margin_right = 70.375
margin_bottom = 97.0001
custom_fonts/font = ExtResource( 3 )
text = "75"
align = 1
valign = 1
__meta__ = {
"_edit_use_anchors_": false
}

[node name="SpriteGold" type="Sprite" parent="Control/ScrollContainer/GridContainer/TestButton"]
modulate = Color( 0, 1, 0.0156863, 1 )
position = Vector2( 57.625, 86.6016 )
scale = Vector2( 0.18, 0.143617 )
texture = ExtResource( 4 )

[node name="ThunderButton" type="Button" parent="Control/ScrollContainer/GridContainer"]
margin_left = 84.0
margin_right = 164.0
margin_bottom = 80.0
rect_min_size = Vector2( 80, 80 )
mouse_default_cursor_shape = 2
size_flags_horizontal = 11
size_flags_vertical = 11
flat = true
__meta__ = {
"_edit_use_anchors_": false
}

[node name="Sprite" type="Sprite" parent="Control/ScrollContainer/GridContainer/ThunderButton"]
position = Vector2( 40, 40 )
scale = Vector2( 0.3, 0.3 )
texture = ExtResource( 11 )

[node name="Label" type="Label" parent="Control/ScrollContainer/GridContainer/ThunderButton"]
margin_left = -0.375
margin_top = 78.0
margin_right = 71.625
margin_bottom = 97.0
custom_fonts/font = ExtResource( 3 )
text = "150"
align = 1
valign = 1
__meta__ = {
"_edit_use_anchors_": false
}

[node name="SpriteGold" type="Sprite" parent="Control/ScrollContainer/GridContainer/ThunderButton"]
modulate = Color( 0.00784314, 1, 0, 1 )
position = Vector2( 60.5269, 86.6729 )
scale = Vector2( 0.18, 0.143617 )
texture = ExtResource( 4 )

[node name="BomberButton" type="Button" parent="Control/ScrollContainer/GridContainer"]
margin_left = 168.0
margin_right = 248.0
margin_bottom = 80.0
rect_min_size = Vector2( 80, 80 )
mouse_default_cursor_shape = 2
flat = true
__meta__ = {
"_edit_use_anchors_": false
}

[node name="Sprite" type="Sprite" parent="Control/ScrollContainer/GridContainer/BomberButton"]
position = Vector2( 40, 40 )
scale = Vector2( 0.3, 0.3 )
texture = ExtResource( 8 )

[node name="Label" type="Label" parent="Control/ScrollContainer/GridContainer/BomberButton"]
margin_top = 77.8
margin_right = 72.0
margin_bottom = 96.8
custom_fonts/font = ExtResource( 3 )
text = "200"
align = 1
valign = 1
__meta__ = {
"_edit_use_anchors_": false
}

[node name="SpriteGold" type="Sprite" parent="Control/ScrollContainer/GridContainer/BomberButton"]
modulate = Color( 0, 1, 0.227451, 1 )
position = Vector2( 62.9502, 86.5254 )
scale = Vector2( 0.18, 0.143617 )
texture = ExtResource( 4 )

[node name="HealerButton" type="Button" parent="Control/ScrollContainer/GridContainer"]
margin_left = 252.0
margin_right = 332.0
margin_bottom = 80.0
rect_min_size = Vector2( 80, 80 )
mouse_default_cursor_shape = 2
flat = true
__meta__ = {
"_edit_use_anchors_": false
}

[node name="Sprite" type="Sprite" parent="Control/ScrollContainer/GridContainer/HealerButton"]
position = Vector2( 40, 40 )
scale = Vector2( 0.3, 0.3 )
texture = ExtResource( 10 )

[node name="Label" type="Label" parent="Control/ScrollContainer/GridContainer/HealerButton"]
margin_left = -1.125
margin_top = 78.0
margin_right = 70.875
margin_bottom = 97.0
custom_fonts/font = ExtResource( 3 )
text = "100"
align = 1
valign = 1
__meta__ = {
"_edit_use_anchors_": false
}

[node name="SpriteGold" type="Sprite" parent="Control/ScrollContainer/GridContainer/HealerButton"]
modulate = Color( 0, 1, 0.156863, 1 )
position = Vector2( 61.0225, 85.5425 )
scale = Vector2( 0.18, 0.143617 )
texture = ExtResource( 4 )

[node name="SniperButton" type="Button" parent="Control/ScrollContainer/GridContainer"]
margin_left = 336.0
margin_right = 416.0
margin_bottom = 80.0
rect_min_size = Vector2( 80, 80 )
mouse_default_cursor_shape = 2
flat = true
__meta__ = {
"_edit_use_anchors_": false
}

[node name="Sprite" type="Sprite" parent="Control/ScrollContainer/GridContainer/SniperButton"]
position = Vector2( 40, 40 )
scale = Vector2( 0.3, 0.3 )
texture = ExtResource( 7 )

[node name="Label" type="Label" parent="Control/ScrollContainer/GridContainer/SniperButton"]
margin_left = -1.125
margin_top = 78.0
margin_right = 70.875
margin_bottom = 97.0
custom_fonts/font = ExtResource( 3 )
text = "100"
align = 1
valign = 1
__meta__ = {
"_edit_use_anchors_": false
}

[node name="SpriteGold" type="Sprite" parent="Control/ScrollContainer/GridContainer/SniperButton"]
modulate = Color( 0, 1, 0.156863, 1 )
position = Vector2( 61.0225, 85.5425 )
scale = Vector2( 0.18, 0.143617 )
texture = ExtResource( 4 )

[node name="FocusButton" type="Button" parent="Control/ScrollContainer/GridContainer"]
margin_left = 420.0
margin_right = 500.0
margin_bottom = 80.0
rect_min_size = Vector2( 80, 80 )
mouse_default_cursor_shape = 2
flat = true
__meta__ = {
"_edit_use_anchors_": false
}

[node name="Sprite" type="Sprite" parent="Control/ScrollContainer/GridContainer/FocusButton"]
position = Vector2( 40, 40 )
scale = Vector2( 0.3, 0.3 )
texture = ExtResource( 7 )

[node name="Label" type="Label" parent="Control/ScrollContainer/GridContainer/FocusButton"]
margin_left = -1.125
margin_top = 78.0
margin_right = 70.875
margin_bottom = 97.0
custom_fonts/font = ExtResource( 3 )
text = "75"
align = 1
valign = 1
__meta__ = {
"_edit_use_anchors_": false
}

[node name="SpriteGold" type="Sprite" parent="Control/ScrollContainer/GridContainer/FocusButton"]
modulate = Color( 0, 1, 0.156863, 1 )
position = Vector2( 61.0225, 85.5425 )
scale = Vector2( 0.18, 0.143617 )
texture = ExtResource( 4 )

[node name="WaveLabel" type="Label" parent="."]
margin_left = 16.0
margin_top = 24.0
margin_right = 107.0
margin_bottom = 58.0
custom_fonts/font = ExtResource( 2 )
text = "KEY_WAVE"
__meta__ = {
"_edit_use_anchors_": false
}

[node name="WaveValue" type="Label" parent="WaveLabel"]
margin_left = 126.667
margin_right = 166.667
margin_bottom = 34.0
custom_fonts/font = ExtResource( 2 )
text = "1"

[node name="PhaseAnnouncement" type="Label" parent="."]
visible = false
anchor_right = 1.0
anchor_bottom = 1.0
custom_fonts/font = ExtResource( 2 )
text = "Coming from EAST"
align = 1
valign = 1
__meta__ = {
"_edit_use_anchors_": false
}

[node name="AnimationPlayer" type="AnimationPlayer" parent="PhaseAnnouncement"]
anims/ShowNewPhase = SubResource( 1 )

[node name="Tooltip" type="NinePatchRect" parent="."]
visible = false
modulate = Color( 1, 1, 1, 0.627451 )
margin_left = 640.0
margin_top = 832.0
margin_right = 1930.0
margin_bottom = 1512.0
rect_scale = Vector2( 0.2, 0.2 )
texture = ExtResource( 14 )
patch_margin_left = 36
patch_margin_top = 32
patch_margin_right = 277
patch_margin_bottom = 85
__meta__ = {
"_edit_use_anchors_": false
}

[node name="Label" type="Label" parent="Tooltip"]
modulate = Color( 1.3, 1.3, 1.3, 1 )
anchor_right = 1.0
anchor_bottom = 1.0
margin_left = 39.0
margin_top = 40.0
margin_right = -1011.0
margin_bottom = -464.0
rect_scale = Vector2( 5, 5 )
custom_fonts/font = ExtResource( 13 )
text = "High fire rate but small damages"
autowrap = true
__meta__ = {
"_edit_use_anchors_": false
}

[node name="PhaseAnnouncement2" type="NinePatchRect" parent="."]
visible = false
modulate = Color( 1, 1, 1, 0.886275 )
material = ExtResource( 23 )
margin_left = 1346.0
margin_top = 597.0
margin_right = 2101.0
margin_bottom = 1339.0
rect_min_size = Vector2( 755, 600 )
rect_scale = Vector2( 0.5, 0.5 )
texture = ExtResource( 18 )
patch_margin_left = 41
patch_margin_top = 38
patch_margin_right = 311
patch_margin_bottom = 178
__meta__ = {
"_edit_use_anchors_": false
}

[node name="TextInterfaceEngine" type="ReferenceRect" parent="PhaseAnnouncement2"]
anchor_right = 1.0
anchor_bottom = 1.0
margin_left = 30.0
margin_top = 27.0
margin_right = -31.0
margin_bottom = -256.0
mouse_filter = 2
script = ExtResource( 17 )
__meta__ = {
"_edit_use_anchors_": false
}
FONT = ExtResource( 1 )

[node name="Timer" type="Timer" parent="PhaseAnnouncement2"]
wait_time = 20.0

[node name="RemainTime" type="Label" parent="PhaseAnnouncement2"]
margin_left = 52.0
margin_top = 504.0
margin_right = 291.0
margin_bottom = 567.0
custom_fonts/font = ExtResource( 1 )
text = "30 sec"
align = 1
valign = 1

[node name="LaunchPhase" type="Button" parent="PhaseAnnouncement2"]
margin_left = 406.0
margin_top = 492.0
margin_right = 665.0
margin_bottom = 580.0
focus_mode = 0
mouse_default_cursor_shape = 2
icon = ExtResource( 22 )
flat = true
clip_text = true
expand_icon = true

[node name="Label" type="Label" parent="PhaseAnnouncement2/LaunchPhase"]
margin_left = 20.0
margin_top = 12.0
margin_right = 241.0
margin_bottom = 75.0
custom_fonts/font = ExtResource( 2 )
text = "KEY_START_WAVE"
align = 1
valign = 1

[node name="UpdateSlowTimer" type="Timer" parent="."]
wait_time = 0.25
autostart = true

[node name="TextureButton" type="TextureButton" parent="."]
margin_left = 1856.0
margin_top = 16.0
margin_right = 1904.0
margin_bottom = 64.0
texture_normal = ExtResource( 25 )
expand = true
__meta__ = {
"_edit_use_anchors_": false
}

[connection signal="mouse_entered" from="Gold/Tooltip" to="." method="_on_GoldTooltip_mouse_entered"]
[connection signal="mouse_exited" from="Gold/Tooltip" to="." method="_on_GoldTooltip_mouse_exited"]
[connection signal="mouse_entered" from="SuperGold/Tooltip" to="." method="_on_SuperGoldTooltip_mouse_entered"]
[connection signal="mouse_exited" from="SuperGold/Tooltip" to="." method="_on_SuperGoldTooltip_mouse_exited"]
[connection signal="mouse_entered" from="Control/MinerButton" to="." method="_on_MinerButton_mouse_entered"]
[connection signal="mouse_exited" from="Control/MinerButton" to="." method="_on_MinerButton_mouse_exited"]
[connection signal="pressed" from="Control/MinerButton" to="." method="_on_MinerButton_pressed"]
[connection signal="mouse_entered" from="Control/CollectorButton" to="." method="_on_CollectorButton_mouse_entered"]
[connection signal="mouse_exited" from="Control/CollectorButton" to="." method="_on_CollectorButton_mouse_exited"]
[connection signal="pressed" from="Control/CollectorButton" to="." method="_on_CollectorButton_pressed"]
[connection signal="mouse_entered" from="Control/BuyCollectorButton" to="." method="_on_BuyCollectorButton_mouse_entered"]
[connection signal="mouse_exited" from="Control/BuyCollectorButton" to="." method="_on_BuyCollectorButton_mouse_exited"]
[connection signal="pressed" from="Control/BuyCollectorButton" to="." method="_on_BuyCollectorButton_pressed"]
[connection signal="mouse_entered" from="Control/RegenButton" to="." method="_on_RegenButton_mouse_entered"]
[connection signal="mouse_exited" from="Control/RegenButton" to="." method="_on_RegenButton_mouse_exited"]
[connection signal="pressed" from="Control/RegenButton" to="." method="_on_RegenButton_pressed"]
[connection signal="mouse_entered" from="Control/MeteorButton" to="." method="_on_MeteorButton_mouse_entered"]
[connection signal="mouse_exited" from="Control/MeteorButton" to="." method="_on_MeteorButton_mouse_exited"]
[connection signal="pressed" from="Control/MeteorButton" to="." method="_on_MeteorButton_pressed"]
[connection signal="mouse_entered" from="Control/LargeMeteorButton" to="." method="_on_LargeMeteorButton_mouse_entered"]
[connection signal="mouse_exited" from="Control/LargeMeteorButton" to="." method="_on_LargeMeteorButton_mouse_exited"]
[connection signal="pressed" from="Control/LargeMeteorButton" to="." method="_on_LargeMeteorButton_pressed"]
[connection signal="mouse_entered" from="Control/IncDamageButton" to="." method="_on_IncDamageButton_mouse_entered"]
[connection signal="mouse_exited" from="Control/IncDamageButton" to="." method="_on_IncDamageButton_mouse_exited"]
[connection signal="pressed" from="Control/IncDamageButton" to="." method="_on_IncDamageButton_pressed"]
[connection signal="mouse_entered" from="Control/IncDefenseButton" to="." method="_on_IncDefenseButton_mouse_entered"]
[connection signal="mouse_exited" from="Control/IncDefenseButton" to="." method="_on_IncDefenseButton_mouse_exited"]
[connection signal="pressed" from="Control/IncDefenseButton" to="." method="_on_IncDefenseButton_pressed"]
[connection signal="mouse_entered" from="Control/ScrollContainer/GridContainer/TestButton" to="." method="_on_TestButton_mouse_entered"]
[connection signal="mouse_exited" from="Control/ScrollContainer/GridContainer/TestButton" to="." method="_on_TestButton_mouse_exited"]
[connection signal="pressed" from="Control/ScrollContainer/GridContainer/TestButton" to="." method="_on_TestButton_pressed"]
[connection signal="mouse_entered" from="Control/ScrollContainer/GridContainer/ThunderButton" to="." method="_on_ThunderButton_mouse_entered"]
[connection signal="mouse_exited" from="Control/ScrollContainer/GridContainer/ThunderButton" to="." method="_on_ThunderButton_mouse_exited"]
[connection signal="pressed" from="Control/ScrollContainer/GridContainer/ThunderButton" to="." method="_on_ThunderButton_pressed"]
[connection signal="mouse_entered" from="Control/ScrollContainer/GridContainer/BomberButton" to="." method="_on_BomberButton_mouse_entered"]
[connection signal="mouse_exited" from="Control/ScrollContainer/GridContainer/BomberButton" to="." method="_on_BomberButton_mouse_exited"]
[connection signal="pressed" from="Control/ScrollContainer/GridContainer/BomberButton" to="." method="_on_BomberButton_pressed"]
[connection signal="mouse_entered" from="Control/ScrollContainer/GridContainer/HealerButton" to="." method="_on_HealerButton_mouse_entered"]
[connection signal="mouse_exited" from="Control/ScrollContainer/GridContainer/HealerButton" to="." method="_on_HealerButton_mouse_exited"]
[connection signal="pressed" from="Control/ScrollContainer/GridContainer/HealerButton" to="." method="_on_HealerButton_pressed"]
[connection signal="mouse_entered" from="Control/ScrollContainer/GridContainer/SniperButton" to="." method="_on_SniperButton_mouse_entered"]
[connection signal="mouse_exited" from="Control/ScrollContainer/GridContainer/SniperButton" to="." method="_on_SniperButton_mouse_exited"]
[connection signal="pressed" from="Control/ScrollContainer/GridContainer/SniperButton" to="." method="_on_SniperButton_pressed"]
[connection signal="mouse_entered" from="Control/ScrollContainer/GridContainer/FocusButton" to="." method="_on_FocusButton_mouse_entered"]
[connection signal="mouse_exited" from="Control/ScrollContainer/GridContainer/FocusButton" to="." method="_on_FocusButton_mouse_exited"]
[connection signal="pressed" from="Control/ScrollContainer/GridContainer/FocusButton" to="." method="_on_FocusButton_pressed"]
[connection signal="pressed" from="PhaseAnnouncement2/LaunchPhase" to="." method="_on_LaunchPhase_pressed"]
[connection signal="timeout" from="UpdateSlowTimer" to="." method="_on_UpdateSlowTimer_timeout"]
[connection signal="pressed" from="TextureButton" to="." method="_on_TextureButton_pressed"]
